 Dungeon Crawl Stone Soup version 0.27-a0-1084-g78b3836a5f (webtiles) character file.

Game seed: 2658170178331540043

55 Cheivey the Skirmisher (level 3, -14/33 HPs)
             Began as a Minotaur Fighter on Apr 26, 2021.
             Demolished by an orc warrior
             ... wielding a +0 mace
              (16 damage)
             ... on level 2 of the Dungeon.
             The game lasted 00:01:06 (889 turns).

Cheivey the Skirmisher (Minotaur Fighter)            Turns: 889, Time: 00:01:06

Health: -14/33     AC:  7    Str: 21    XL:     3   Next: 67%
Magic:  0/2        EV:  7    Int:  5    God:
Gold:   13         SH:  9    Dex:  9    Spells: 2/2 levels left

rFire    . . .     SeeInvis .   a - +0 war axe
rCold    . . .     Faith    .   c - +0 kite shield
rNeg     . . .     Spirit   +   b - +0 scale mail
rPois    .         Reflect  .   (helmet restricted)
rElec    .         Harm     .   (no cloak)
rCorr    .         Rampage  .   (no gloves)
Will     .....                  (no boots)
Stlth    ..........             i - amulet of guardian spirit
HPRegen  0.11/turn              (no ring)
MPRegen  0.08/turn              (no ring)

@: mighty
A: horns 2, retaliatory headbutt
a: no special abilities


You were on level 2 of the Dungeon.
You visited 1 branch of the dungeon, and saw 2 of its levels.

You collected 13 gold pieces.

Inventory:

Hand Weapons
 a - a +0 war axe (weapon)
Armour
 b - a +0 scale mail (worn)
 c - a +0 kite shield (worn)
Jewellery
 i - an amulet of guardian spirit (around neck)
Scrolls
 e - a scroll of vulnerability {unknown}
 h - a scroll of identify {unknown}
 j - a scroll of magic mapping {unknown}
Potions
 f - a potion of curing {unknown}
 g - a potion of attraction {unknown}


   Skills:
 + Level 4.2 Fighting
 + Level 3.2 Axes
 + Level 4.2 Armour
 + Level 4.2 Shields


You had 2 spell levels left.
You didn't know any spells.
Your spell library contained the following spells:

 Spells                   Type           Power      Damage    Failure   Level
 Magic Dart               Conj           0%         1d3       99%         1
 Searing Ray              Conj           0%         3d3       100%        2
 Dazzling Flash           Conj/Hex       0%         N/A       100%        3
 Fulminant Prism          Conj/Hex       0%         3d6       100%        4
 Iskenderun's Mystic Bla  Conj/Tloc      0%         2d3       100%        4


Dungeon Overview and Level Annotations

Branches:
Dungeon (2/15)

Altars:

Shops:
D:2 [


Innate Abilities, Weirdness & Mutations

You have a pair of horns on your head.
You reflexively headbutt those who attack you in melee.


Message History

You are too confused!
You are too confused!
You are too confused!
You are too confused!
You are too confused!
You are too confused!
You are too confused!
You barely miss the orc wizard.
The orc wizard is lightly wounded.
The orc wizard hits you but does no damage.
A rat comes into view.
You closely miss the orc wizard.
The orc wizard is lightly wounded.
The orc wizard gestures at you while chanting.
You resist with significant effort. The orc wizard barely misses you.
You feel less confused.
You feel very mighty all of a sudden. You block the orc warrior's attack.
The orc wizard gestures at you while chanting.
The puff of flame hits you!
Your scale mail prevents you from hitting the orc warrior.
You headbutt the orc warrior.
The orc warrior is lightly wounded.
You barely miss the orc wizard.
The orc warrior hits you with a +0 mace.
You block the orc wizard's attack. You block the rat's attack.
You slash the orc warrior! You headbutt the orc warrior!
The orc warrior is severely wounded.
You slash the orc wizard!
You kill the orc wizard!
You slash the rat!
You kill the rat!
The orc warrior hits you with a +0 mace!
* * * LOW HITPOINT WARNING * * *
The orc warrior hits you with a +0 mace.
* * * LOW HITPOINT WARNING * * *
You slash the orc warrior!
The orc warrior is almost dead.
The orc warrior hits you with a +0 mace!
You die...

#.####♣...
#.........
##..###....
#.......♣ ♣
#...#>..♣
#...#...♣
#.).# .##
#...# .##.♣
####.@o##....♣
#....)†.)....♣
#.8.8.8####♣.♣
#..⌠.⌠.....♣
##8.∩.8#####
#.⌠.⌠..
#8.8.8##
#######


You could see an orc warrior.

Vanquished Creatures
  An orc wizard (D:2)
  3 dart slugs (D:1)
  An orc (D:2)
  3 bats (D:1)
  An endoplasm (D:1)
  2 giant cockroaches (D:1)
  A goblin (D:1)
  A hobgoblin (D:1)
  4 quokkas
  2 ball pythons (D:1)
  2 kobolds
  5 rats
26 creatures vanquished.

Notes
Turn   | Place    | Note
-------+----------+-------------------------------------------
     0 | D:1      | Cheivey the Minotaur Fighter began the quest for the Orb.
     0 | D:1      | Reached XP level 1. HP: 19/19 MP: 0/0
   246 | D:1      | Reached XP level 2. HP: 27/27 MP: 1/1
   851 | D:2      | Reached XP level 3. HP: 33/33 MP: 2/2
   859 | D:2      | Found Cimun's Armour Shoppe.
   881 | D:2      | Noticed an orc warrior
   888 | D:2      | HP: 1/33 [orc warrior/+0 mace (5)]
   889 | D:2      | Demolished by an orc warrior

Illustrated notes

Levels and vault maps discovered:
D:1:      eino_arrival_water_star, layout_basic, serial_bayou_pond_d,
          st_stairs_3
D:2:      wad_woods_pond, layout_loops_ring, serial_shops,
          nicolae_shop_temple_entry_statues_fountains,
          chequers_decorated_corner, uniq_jessica

Skill      XL: |  1  2 |
---------------+-------+-----
Fighting       | 4 |  4.2
Armour         | 4 |  4.2
Shields        | 4 |  4.2
Axes           | 3 |  3.2

Action                   || total
-------------------------++-------
Melee: War axe           ||    52
       Headbutt          ||    12
  Use: Potion            ||     1
Armor: Scale mail        ||    23
Dodge: Dodged            ||    13
Block: Kite shield       ||    17

Table legend: (Time is in decaauts)
 A = Elapsed time spent in this place.
 B = Non-inter-level travel time spent in this place.
 C = Inter-level travel time spent in this place.
 D = Time resting spent in this place.
 E = Time spent auto-exploring this place.
 F = Levels seen in this place.
 G = Mean time per level.
                   A        B        C        D        E       F      G
               +--------+--------+--------+--------+--------+-----+--------+
         Total |    919 |    899 |     20 |      0 |    742 |   2 |  459.5 |
       Dungeon |    919 |    899 |     20 |      0 |    742 |   2 |  459.5 |
               +--------+--------+--------+--------+--------+-----+--------+

Top non-repeatable levels by time:
     D:1: 871 daAuts
     D:2: 47 daAuts
